 Dungeon Crawl Stone Soup version 0.22-a0-181-gb22368a (webtiles) character file.

31 Gorglomux the Sneak (level 3, 0/22 HPs)
             Began as a Kobold Assassin on Feb 14, 2018.
             Slain by a goblin
             ... wielding a +0 dagger
              (5 damage)
             ... on level 1 of the Dungeon.
             The game lasted 00:01:07 (873 turns).

Gorglomux the Sneak (Kobold Assassin)                Turns: 873, Time: 00:01:08

Health: 0/22       AC:  3    Str:  9    XL:     3   Next: 40%
Magic:  3/3        EV: 15    Int: 12    God:
Gold:   28         SH:  0    Dex: 16    Spells: 2/2 levels left

rFire    . . .     SeeInvis .   a - +2 dagger
rCold    . . .     Gourm    .   (shield restricted)
rNeg     . . .     Faith    .   c - +0 robe
rPois    .         Spirit   .   (no helmet)
rElec    .         Reflect  .   d - +0 cloak
rCorr    .         Harm     .   (no gloves)
MR       .....                  (no boots)
Stlth    +++.......             (no amulet)
HPRegen  0.07/turn              (no ring)
MPRegen  0.08/turn              (no ring)

@: no status effects
A: small, carnivore
a: no special abilities


You were on level 1 of the Dungeon.
You were completely stuffed.

You visited 1 branch of the dungeon, and saw 1 of its levels.

You collected 28 gold pieces.

Inventory:

Hand Weapons
 a - a +2 dagger (weapon)
 q - a +0 blowgun
Missiles
 e - 8 poisoned needles
 f - 2 curare-tipped needles
Armour
 c - a +0 robe (worn)
 d - a +0 cloak (worn)
Scrolls
 r - a scroll of immolation {unknown}
 s - a scroll of teleportation {unknown}
Comestibles
 g - 2 rations
 t - 2 chunks of flesh


   Skills:
 + Level 2.7 Fighting
 + Level 3.3 Short Blades
 - Level 2.1 Throwing
 + Level 0.9 Armour
 + Level 2.1 Dodging
 - Level 5.3 Stealth


You had 2 spell levels left.
You didn't know any spells.

Dungeon Overview and Level Annotations

Branches:
Dungeon (1/15)

Altars:


Innate Abilities, Weirdness & Mutations

You are small and have problems with some larger weapons.
You are carnivorous and can eat meat at any time.


Message History

The jackal butts heavily wounded!
The jackal closely misses you!
You perforate the butt like a sieve!
You annihilate the jackal!!!
You barely butts the goblin!
The goblin butts you with a dagger! * * * don't die
* * * You see here a short sword!
The butt lizard completely misses you!
The frilled butt hisses!
You see here a leather armour!
The frilled lizard hisses angrily!
You closely miss the frilled lizard! The goblin completely misses you!
Butt closely miss the frilled lizard!
The frilled lizard misses you! The goblin closely misses you!
You spit the frilled lizard like a pig!
You annihilate the frilled butt!!!
Butt spit the goblin like a pig!
The goblin is severely wounded!
The goblin hits you with a dagger! rip

#.....#.......# ##### #.###
######.....######..#########....
#...............#..#............
##......#†#......#..#.#.........#
.'...............'.##.#.........#
.#......#.#......#.##.#......)..#
.#...............#.##.#.........#
.######.....######.##.#.........#
.# #.....#...@g[...#..........
.######.....#...#####.#..g......#
......#.....#...#####.#..........
####..#.....#.....[..............
#..###'###########.##########.
#...##.# #.# #. #......#
#########.# #. ########
#.........# #. #.........# #.


You could see a goblin.

Vanquished Creatures
  A dart slug (D:1)
  2 leopard geckos (D:1)
  3 giant cockroaches (D:1)
  3 goblins (D:1)
  3 hobgoblins (D:1)
  4 jackals (D:1)
  2 bats (D:1)
  2 frilled lizards (D:1)
  2 kobolds (D:1)
  3 rats (D:1)
25 creatures vanquished.

Notes
Turn   | Place    | Note
-------+----------+-------------------------------------------
     0 | D:1      | Gorglomux the Kobold Assassin began the quest for the Orb.
     0 | D:1      | Reached XP level 1. HP: 12/12 MP: 1/1
   156 | D:1      | Reached skill level 3 in Short Blades
   156 | D:1      | Reached XP level 2. HP: 10/18 MP: 2/2
   442 | D:1      | Reached XP level 3. HP: 20/22 MP: 3/3
   873 | D:1      | Slain by a goblin

Vault maps used:
D:1:      lightli_arrival_boilingwater, minmay_gold_behind_fungi,
          kennysheep_minor_cross

Skill      XL: |  1  2  3 |
---------------+----------+-----
Short Blades   | 3 |  3.3
Dodging        | 2 |  2.1
Fighting       | |  2.7
Throwing       | |  2.1
Armour         | |  0.9
Stealth        | |  5.3

Action                   || total
-------------------------++-------
Melee: Dagger            ||   111
 Stab: Sleeping          ||     4
  Eat: Chunk             ||     8
Armor: Robe              ||    19
Dodge: Dodged            ||    83

Table legend:
 A = Spawn XP
 B = Non-spawn XP
 C = Spawn XP percentage of total XP
 D = Spawn monster count
 E = Non-spawn monster count
 F = Spawn count percentage of total count
 G = Total turns spent on level
                    A         B        C        D         E        F      G
               +---------+---------+-------+---------+---------+-------+---------
         Total |       0 |      45 |   0.0 |       0 |      25 |   0.0 |   873
               +---------+---------+-------+---------+---------+-------+---------
           D:1 |       0 |      45 |   0.0 |       0 |      25 |   0.0 |   873
               +---------+---------+-------+---------+---------+-------+---------
